[Event "Schachfestival Open-A 2018"]
[Site "Lueneburg"]
[Date "2018.07.09"]
[Round "5"]
[White "Genov, Petar"]
[Black "Utiatskaja, Irina"]
[Result "1/2-1/2"]
[ECO "D04"]
[WhiteElo "2435"]
[BlackElo "2155"]
[Annotator "NA"]
[PlyCount "77"]
[EventDate "2018.07.06"]
[EventType "swiss"]
[EventCountry "GER"]
[SourceTitle "playchess.com"]
[Source "ChessBase"]
[SourceQuality "1"]
[TimeControl "40/5400+30:1800+30"]

1. d4 d5 2. Nf3 Nf6 3. e3 g6 4. Be2 c5 5. O-O Bg7 6. b3 $11 O-O 7. Bb2 cxd4 8. exd4 Nc6 9. Nbd2 Ne4 10. Bd3 Nc5 11. Bb5 Ne6 12. c3 Nf4 13. g3 Nh5 14. Re1 Bg4 15. Be2 Re8 16. Ne5 Bxe2 17. Qxe2 Nf6 18. Ndf3 Ne4 19. c4 Nd6 20. Rac1 dxc4 21. bxc4 e6 22. Nxc6 bxc6 23. Ne5 Rc8 24. Qf3 Qc7 25. Ba1 Nf5 26. Qe4 Nd6 27. Qf3 Nf5 28. Qe4 Nd6 29. Qe2 Nf5 30. f4 Rcd8 31. Qe4 c5 32. dxc5 Qxc5+ 33. Kh1 Rd2 34. Re2 Qa3 35. Rce1 Qxa2 36. Rxd2 Qxd2 37. c5 Qd5 38. Qxd5 exd5 39. Rb1 1/2-1/2

[Event "Schachfestival Open-A 2018"]
[Site "Lueneburg"]
[Date "2018.07.09"]
[Round "5"]
[White "Colpe, Malte"]
[Black "Stork, Oliver"]
[Result "1/2-1/2"]
[ECO "D31"]
[WhiteElo "2382"]
[BlackElo "2111"]
[Annotator "ChessBase"]
[PlyCount "118"]
[EventDate "2018.07.06"]
[EventType "swiss"]
[EventCountry "GER"]
[SourceTitle "playchess.com"]
[Source "ChessBase"]
[SourceQuality "1"]
[TimeControl "40/5400+30:1800+30"]

1. d4 d5 2. c4 e6 3. Nc3 Be7 4. cxd5 exd5 5. Bf4 c6 6. Qc2 Nf6 7. e3 O-O 8. Bd3 Nbd7 9. Nf3 Re8 10. h3 Nf8 11. Ne5 Be6 12. O-O N6d7 13. Bh2 f6 14. Nf3 Nb6 15. Rfe1 Bd6 16. Bxd6 Qxd6 17. a3 Qd7 18. Rac1 Nc4 19. Na4 Nd6 20. Nc5 Qe7 21. a4 g6 22. a5 a6 23. Nd2 f5 24. f3 Bf7 25. Re2 Qf6 26. Qc3 Re7 27. Rf1 Qh4 28. e4 dxe4 29. fxe4 fxe4 30. Ndxe4 Nxe4 31. Nxe4 Nd7 32. d5 Rae8 33. dxc6 bxc6 34. Qxc6 Ne5 35. Qc3 Nxd3 36. Nf6+ Kf8 37. Nd7+ Kg8 38. Rxe7 Rxe7 39. Nf6+ Kf8 40. Qxd3 Qb4 41. Kh1 Kg7 42. Qf3 Re1 43. Nh5+ Kh6 44. Ng3 Rxf1+ 45. Qxf1 Kg7 46. Qxa6 Qxb2 47. Qa7 h5 48. a6 Qa1+ 49. Kh2 Qe5 50. h4 g5 51. Kh3 Qe6+ 52. Kh2 Qe5 53. Qf2 gxh4 54. a7 Bd5 55. Kh3 Qxg3+ 56. Qxg3+ hxg3 57. Kxg3 Kg6 58. Kh3 Kg5 59. Kg3 h4+ 1/2-1/2

[Event "Schachfestival Open-A 2018"]
[Site "Lueneburg"]
[Date "2018.07.09"]
[Round "5"]
[White "Buchenau, Frank"]
[Black "Bogachkova, Alena"]
[Result "1-0"]
[ECO "B27"]
[WhiteElo "2275"]
[BlackElo "2135"]
[Annotator "NA"]
[PlyCount "53"]
[EventDate "2018.07.06"]
[EventType "swiss"]
[EventCountry "GER"]
[SourceTitle "playchess.com"]
[Source "ChessBase"]
[SourceQuality "1"]
[TimeControl "40/5400+30:1800+30"]

1. e4 c5 2. Nf3 g6 3. d4 cxd4 4. Qxd4 Nf6 5. Nc3 Nc6 6. Qa4 d6 7. e5 Ng4 8. exd6 Qxd6 9. h3 Nge5 10. Be2 Bg7 11. Nxe5 Bxe5 12. Bh6 Bd7 13. O-O g5 14. Bxg5 Qg6 15. Qh4 h6 16. Be3 O-O-O 17. Bd3 f5 18. f4 Rhg8 19. Qf2 Bd4 20. Bxd4 Nxd4 21. Nd5 Rde8 22. Rfd1 Bc6 23. Bc4 e5 24. fxe5 Ne6 25. Rd2 b5 26. Qxa7 Bb7 27. Nb6+ 1-0

[Event "Schachfestival Open-A 2018"]
[Site "Lueneburg"]
[Date "2018.07.09"]
[Round "5"]
[White "Weishaeutel, Moritz"]
[Black "Stabolewski, Andreas"]
[Result "1/2-1/2"]
[ECO "B30"]
[WhiteElo "2236"]
[BlackElo "2129"]
[Annotator "NA"]
[PlyCount "83"]
[EventDate "2018.07.06"]
[EventType "swiss"]
[EventCountry "GER"]
[SourceTitle "playchess.com"]
[Source "ChessBase"]
[SourceQuality "1"]
[TimeControl "40/5400+30:1800+30"]

1. e4 c5 2. Nf3 Nc6 3. Bb5 d6 4. O-O Bd7 5. Re1 Nf6 6. c3 a6 7. Ba4 {[%emt 0:01:00] LiveBook: 705 Games} b5 8. Bc2 Bg4 9. h3 Bxf3 10. Qxf3 e6 11. d3 Be7 $11 12. Nd2 O-O 13. Nf1 b4 14. Bd2 Rb8 15. Ba4 bxc3 16. Bxc3 Nd4 17. Qe3 Nb5 18. Bxb5 axb5 19. b3 d5 20. Bb2 Qa5 21. a4 c4 22. Bxf6 Bxf6 23. e5 Be7 24. axb5 Qxb5 25. bxc4 dxc4 26. dxc4 Qxc4 27. Rec1 Qh4 28. Rc7 Bg5 29. Qc5 Bd8 30. Rc6 Qb4 31. Qxb4 Rxb4 32. Ra8 Rb5 33. Rcc8 Be7 34. f4 g5 35. fxg5 Rxe5 36. Rxf8+ Bxf8 37. h4 Re4 38. g3 Kg7 39. Kg2 Bd6 40. Rd8 Be5 41. Rd3 h6 42. gxh6+ 1/2-1/2

[Event "Schachfestival Open-A 2018"]
[Site "Lueneburg"]
[Date "2018.07.09"]
[Round "5"]
[White "Boehm, Juergen"]
[Black "Haerig, Wilfried"]
[Result "1/2-1/2"]
[ECO "A57"]
[WhiteElo "2233"]
[BlackElo "2022"]
[Annotator "ChessBase"]
[PlyCount "94"]
[EventDate "2018.07.06"]
[EventType "swiss"]
[EventCountry "GER"]
[SourceTitle "playchess.com"]
[Source "ChessBase"]
[SourceQuality "1"]
[TimeControl "40/5400+30:1800+30"]

1. d4 Nf6 2. c4 c5 3. d5 b5 4. cxb5 a6 5. bxa6 g6 6. g3 Bxa6 7. Bg2 d6 8. Nf3 Nbd7 9. Nc3 Bg7 10. O-O O-O 11. Rb1 Qa5 12. Qc2 Ng4 13. Bd2 Rfb8 14. h3 Nge5 15. Nxe5 Nxe5 16. b3 Bc8 17. Rfc1 Bf5 18. e4 Bc8 19. f4 Nd7 20. a4 Qb6 21. Kh2 Ba6 22. Be3 Qa5 23. Bd2 Rc8 24. Nd1 Qb6 25. Bc3 Bxc3 26. Qxc3 Rab8 27. Ne3 Qb4 28. Nc4 Bxc4 29. Qxc4 Rb6 30. Bf1 Rcb8 31. Qxb4 Rxb4 32. a5 Ra8 33. a6 Nb6 34. Ra1 Ra7 35. Bc4 Nxc4 36. bxc4 Rb6 37. Rcb1 Rbxa6 38. Rxa6 Rxa6 39. Rb7 Kf8 40. e5 dxe5 41. fxe5 Ra4 42. Rb8+ Kg7 43. Re8 Rxc4 44. Rxe7 Rd4 45. d6 Kf8 46. Rc7 f6 47. exf6 Rxd6 1/2-1/2

[Event "Schachfestival Open-A 2018"]
[Site "Lueneburg"]
[Date "2018.07.09"]
[Round "5"]
[White "Bente, Bjoern"]
[Black "Drozdowski, Konrad"]
[Result "1/2-1/2"]
[ECO "B43"]
[WhiteElo "2219"]
[BlackElo "2076"]
[Annotator "NA"]
[PlyCount "88"]
[EventDate "2018.07.06"]
[EventType "swiss"]
[EventCountry "GER"]
[SourceTitle "playchess.com"]
[Source "ChessBase"]
[SourceQuality "1"]
[TimeControl "40/5400+30:1800+30"]

1. e4 c5 2. Nf3 e6 3. d4 cxd4 4. Nxd4 a6 5. Nc3 Qc7 6. g3 Nc6 7. Nb3 Nf6 8. Bg2 Be7 9. O-O O-O 10. f4 d6 11. g4 Nd7 $14 (11... d5 $5) 12. g5 f6 13. h4 Nc5 14. Be3 b6 15. Nd2 Bb7 16. Bh3 Nd8 17. Rf2 d5 18. exd5 exd5 19. Nf3 Ne4 20. Nxe4 dxe4 21. Nd4 Bc8 22. Bxc8 Rxc8 23. Qg4 Bc5 24. f5 Qe5 25. c3 Nc6 26. Rd1 Bxd4 27. cxd4 Qd5 28. gxf6 Rxf6 29. Bg5 Rf7 30. f6 Qd7 31. Qxe4 Re8 32. Qg2 Nxd4 33. Rfd2 Rd8 34. Rxd4 Qxd4+ 35. Rxd4 Rxd4 36. Bh6 Rdd7 37. Bg5 gxf6 38. Bf4+ Rg7 39. Bg3 Rd3 40. Qa8+ Kf7 41. Qb7+ Kf8 42. Qc8+ Ke7 43. Qb7+ Kf8 44. Qa8+ Kf7 1/2-1/2

[Event "Schachfestival Open-A 2018"]
[Site "Lueneburg"]
[Date "2018.07.09"]
[Round "5"]
[White "Poeck, Ole"]
[Black "Ploder, Udo"]
[Result "1-0"]
[ECO "A39"]
[WhiteElo "2195"]
[BlackElo "1874"]
[Annotator "NA"]
[PlyCount "89"]
[EventDate "2018.07.06"]
[EventType "swiss"]
[EventCountry "GER"]
[SourceTitle "playchess.com"]
[Source "ChessBase"]
[SourceQuality "1"]
[TimeControl "40/5400+30:1800+30"]

1. Nf3 Nf6 2. c4 c5 3. Nc3 g6 4. g3 Bg7 5. Bg2 O-O 6. O-O Nc6 7. d4 cxd4 8. Nxd4 Qb6 9. Nc2 d6 10. b3 Bf5 11. e4 Bg4 12. Qe1 Nd7 13. Nd5 Qd8 14. Rb1 Nb6 15. h3 Bd7 16. Be3 f5 17. exf5 Bxf5 18. Qe2 Ne5 19. Rbd1 Bxc2 20. Qxc2 Nf3+ 21. Kh1 Nxd5 22. Rxd5 Qc7 23. Qe4 Ne5 24. f4 Nc6 25. Qe6+ Kh8 26. h4 Rf6 27. Qe4 Raf8 28. Rfd1 b6 29. R5d2 Nd8 30. Bh3 R6f7 31. Bg4 Qc6 32. Qxc6 Nxc6 33. Bf3 Rc8 34. Kg2 Rff8 35. h5 gxh5 36. Bxh5 Nd8 37. Rh1 Kg8 38. Bg4 Rc7 39. Rd5 Rf6 40. Bd4 Rh6 41. Rxh6 Bxh6 42. Rh5 Bf8 43. Rg5+ Kf7 44. Bh5+ Ke6 45. Be8 {[%emt 0:02:19] Ke5} 1-0

[Event "Schachfestival Open-A 2018"]
[Site "Lueneburg"]
[Date "2018.07.09"]
[Round "5"]
[White "Ramme, Christoph"]
[Black "Thorsbro, Peter"]
[Result "1-0"]
[ECO "D46"]
[WhiteElo "2158"]
[BlackElo "2116"]
[Annotator "NA"]
[PlyCount "51"]
[EventDate "2018.07.06"]
[EventType "swiss"]
[EventCountry "GER"]
[SourceTitle "playchess.com"]
[Source "ChessBase"]
[SourceQuality "1"]
[TimeControl "40/5400+30:1800+30"]

1. d4 d5 2. Nf3 c6 3. c4 Nf6 4. e3 e6 5. Nc3 Nbd7 6. Bd3 Bd6 7. O-O O-O 8. e4 dxe4 9. Nxe4 Nxe4 10. Bxe4 $14 Nf6 11. Bc2 c5 12. Bg5 cxd4 13. Qxd4 Be7 14. Qh4 h6 15. Bxh6 gxh6 16. Qxh6 Bc5 17. Rae1 Bd4 18. Qg5+ Kh8 19. Qh4+ Kg8 20. Nxd4 Re8 21. Qg5+ Kf8 22. Qh6+ Ke7 23. Nf5+ Kd7 24. Rd1+ Nd5 25. Rxd5+ exd5 26. Qd6# 1-0

[Event "Schachfestival Open-A 2018"]
[Site "Lueneburg"]
[Date "2018.07.09"]
[Round "5"]
[White "Marxen, Peter"]
[Black "Kardoeus, David"]
[Result "1/2-1/2"]
[ECO "B33"]
[WhiteElo "2068"]
[BlackElo "2188"]
[Annotator "ChessBase"]
[PlyCount "135"]
[EventDate "2018.07.06"]
[EventType "swiss"]
[EventCountry "GER"]
[SourceTitle "playchess.com"]
[Source "ChessBase"]
[SourceQuality "1"]
[TimeControl "40/5400+30:1800+30"]

1. e4 c5 2. Nf3 Nc6 3. d4 cxd4 4. Nxd4 Nf6 5. Nc3 e5 6. Ndb5 d6 7. Bg5 a6 8. Na3 b5 9. Nd5 Be7 10. Bxf6 Bxf6 11. c3 O-O 12. Nc2 Bg5 13. a4 bxa4 14. Rxa4 Rb8 15. Ra2 a5 16. Bc4 Be6 17. O-O Kh8 18. b3 Ne7 19. Nce3 Bxe3 20. Nxe3 Qc7 21. Qd3 Bxc4 22. bxc4 Qc5 23. Rd1 Rb6 24. Nd5 Nxd5 25. Qxd5 Qxd5 26. cxd5 Ra8 27. Ra4 Rb3 28. Rc1 g6 29. Kf1 f5 30. exf5 gxf5 31. c4 Rb4 32. Rxb4 axb4 33. Rb1 Ra4 34. Ke2 Kg7 35. Kd3 Ra3+ 36. Ke2 b3 37. Kd2 Ra2+ 38. Ke1 e4 39. Rxb3 Kf6 40. Rh3 Ke5 41. Rxh7 f4 42. f3 e3 43. g3 Kd4 44. Rb7 Rxh2 45. gxf4 Kxc4 46. Ra7 Rf2 47. Ra4+ Kd3 48. Ra3+ Kd4 49. Ra4+ Kxd5 50. f5 Rxf3 51. Ke2 Rxf5 52. Kxe3 Rf1 53. Ke2 Rh1 54. Kd2 Ke5 55. Rg4 d5 56. Ra4 Rh2+ 57. Kd3 Rh3+ 58. Kd2 Rb3 59. Rh4 Ra3 60. Rg4 Kd6 61. Rh4 Kc5 62. Rg4 Rf3 63. Rh4 Rf2+ 64. Ke3 Rf5 65. Kd3 d4 66. Rxd4 Rf3+ 67. Ke2 Kxd4 68. Kxf3 1/2-1/2

[Event "Schachfestival Open-A 2018"]
[Site "Lueneburg"]
[Date "2018.07.09"]
[Round "5"]
[White "Hesse, Henrik"]
[Black "Sebastian, Dirk"]
[Result "1/2-1/2"]
[ECO "A30"]
[WhiteElo "2057"]
[BlackElo "2447"]
[Annotator "NA RC"]
[PlyCount "116"]
[EventDate "2018.07.06"]
[EventType "swiss"]
[EventCountry "GER"]
[SourceTitle "playchess.com"]
[Source "ChessBase"]
[SourceQuality "1"]
[TimeControl "40/5400+30:1800+30"]

1. c4 c5 2. Nf3 Nc6 3. d4 cxd4 4. Nxd4 e6 5. Nc3 Bb4 6. Ndb5 Nf6 7. a3 Bxc3+ 8. Nxc3 d5 9. Bg5 d4 10. Ne4 Qa5+ 11. b4 Qe5 12. Nxf6+ gxf6 13. Bh4 a5 14. Bg3 Qe4 15. b5 Ne5 16. Bxe5 fxe5 17. Qd3 f5 18. Qxe4 fxe4 19. e3 Ke7 20. O-O-O Rd8 21. exd4 Rxd4 22. Be2 Bd7 23. Rd2 Rg8 24. Rg1 Be8 25. Kc2 Kd6 26. g3 Rf8 27. Rf1 Bg6 28. Kc3 Kc5 29. h4 h6 30. f3 e3 31. Rdd1 Rfd8 32. g4 a4 33. Rfe1 Rd2 34. Rxd2 Rxd2 35. Bd1 Rd3+ 36. Kb2 Kxc4 37. Be2 Kd4 38. Bxd3 Bxd3 39. g5 hxg5 40. hxg5 e2 41. g6 Bxg6 42. Rxe2 Bd3 43. Rd2 Ke3 44. Kc3 Bxb5 45. Rd6 Kxf3 46. Rxe6 Ke4 47. Kb4 Bc6 48. Kc5 Kf4 49. Re7 Kf5 50. Kd6 e4 51. Kc5 Kf4 52. Kd4 Kf3 53. Rh7 Kf2 54. Rh2+ Kg3 55. Re2 Kf3 56. Re3+ Kf2 57. Rc3 Ke2 58. Rc2+ Kf3 {[%emt 0:03:00] Kxe4+} 1/2-1/2

[Event "Schachfestival Open-A 2018"]
[Site "Lueneburg"]
[Date "2018.07.09"]
[Round "5"]
[White "Wobbe, Sven"]
[Black "Ngo, Minh Duc"]
[Result "0-1"]
[ECO "B31"]
[WhiteElo "2049"]
[BlackElo "2191"]
[Annotator "NA"]
[PlyCount "99"]
[EventDate "2018.07.06"]
[EventType "swiss"]
[EventCountry "GER"]
[SourceTitle "playchess.com"]
[Source "ChessBase"]
[SourceQuality "1"]
[TimeControl "40/5400+30:1800+30"]

1. e4 c5 2. Nf3 Nc6 3. Bb5 g6 4. O-O Bg7 5. c3 Nh6 6. d4 Qb6 7. Ba4 O-O 8. d5 Nb8 9. Nbd2 d6 10. Bc2 Nd7 11. Nc4 Qc7 12. a4 b6 13. h3 a6 14. Bf4 f6 15. Qd2 Nf7 16. h4 Rb8 17. h5 g5 18. e5 Ndxe5 19. Bxe5 Nxe5 20. Ncxe5 dxe5 21. Qd3 f5 22. Nxg5 e4 23. Qe2 Kh8 24. Rad1 Qf4 25. Ne6 Bxe6 26. dxe6 Be5 27. g3 Qh6 28. f4 Bd6 29. Bb3 Rg8 30. Kf2 b5 31. axb5 axb5 32. Bd5 Rg4 33. Bxe4 Qxh5 34. Rh1 Qg6 35. Bc6 Rd8 36. Rh3 c4 37. Rxd6 Rxd6 38. Bf3 Qxe6 39. Bxg4 fxg4 40. Qxe6 Rxe6 41. Rh5 b4 42. cxb4 Rd6 43. Rc5 Rd2+ 44. Ke3 Rg2 45. b5 Rxg3+ 46. Kd4 h6 47. Kxc4 Rf3 48. b6 Rxf4+ 49. Kb5 Rf2 50. b4 0-1

[Event "Schachfestival Open-A 2018"]
[Site "Lueneburg"]
[Date "2018.07.09"]
[Round "5"]
[White "Popvasilev, Kaloyan"]
[Black "Hess, Christian Mathias"]
[Result "1/2-1/2"]
[ECO "B19"]
[WhiteElo "2020"]
[BlackElo "2243"]
[Annotator "NA"]
[PlyCount "67"]
[EventDate "2018.07.06"]
[EventType "swiss"]
[EventCountry "GER"]
[SourceTitle "playchess.com"]
[Source "ChessBase"]
[SourceQuality "1"]
[TimeControl "40/5400+30:1800+30"]

1. e4 c6 2. d4 d5 3. Nc3 dxe4 4. Nxe4 Bf5 5. Ng3 Bg6 6. h4 h6 7. Nf3 Nd7 8. h5 Bh7 9. Bd3 Bxd3 10. Qxd3 e6 11. Bd2 Ngf6 12. O-O-O Be7 13. Kb1 O-O 14. Qe2 Qc7 15. Ne5 Rad8 16. Ng6 Rfe8 17. Nxe7+ Rxe7 18. Qf3 Ree8 19. Rh4 Qd6 20. c4 b5 21. Bf4 Qb4 22. c5 Nd5 23. Bd2 Qa4 24. Ne4 f5 25. Nd6 Re7 26. b3 Qa3 27. g4 N7f6 28. gxf5 Rxd6 29. cxd6 Qxd6 30. fxe6 Rxe6 31. Bf4 Qb4 32. Bd2 Qd6 33. Bf4 Qb4 34. Bd2 1/2-1/2

[Event "Schachfestival Open-A 2018"]
[Site "Lueneburg"]
[Date "2018.07.11"]
[Round "7"]
[White "Buchenau, Frank"]
[Black "Stolberg-Rohr, Thomine"]
[Result "1-0"]
[ECO "C50"]
[WhiteElo "2275"]
[BlackElo "1975"]
[Annotator "NA"]
[PlyCount "77"]
[EventDate "2018.07.06"]
[EventType "swiss"]
[EventCountry "GER"]
[SourceTitle "playchess.com"]
[Source "ChessBase"]
[SourceQuality "1"]
[TimeControl "40/5400+30:1800+30"]

1. e4 e5 2. Nf3 Nc6 3. Bc4 Bc5 4. O-O Nf6 5. d3 a6 6. c3 d6 7. Bb3 Ba7 8. Nbd2 O-O 9. h3 Ne7 10. Re1 Ng6 11. Nf1 Be6 12. Ng3 h6 13. d4 Qe7 14. Be3 c6 15. Bc2 b5 16. Qd2 c5 17. Nf5 Bxf5 18. exf5 cxd4 19. cxd4 Nh8 20. dxe5 dxe5 21. Bxa7 Qxa7 22. Rxe5 Rac8 23. Bb3 Rfd8 24. Qb4 Re8 25. Rae1 Rxe5 26. Nxe5 Qc5 27. Qxc5 Rxc5 28. f4 Rc7 29. g4 Kf8 30. Rd1 Ke7 31. a4 Ne8 32. axb5 axb5 33. Re1 Kf8 34. Kf2 Nd6 35. Ra1 Ke7 36. Ra8 Nc8 37. Rb8 g6 38. Nxf7 Nxf7 39. fxg6 1-0

[Event "Schachfestival Open-A 2018"]
[Site "Lueneburg"]
[Date "2018.07.11"]
[Round "7"]
[White "Weishaeutel, Moritz"]
[Black "Matzat, Andre"]
[Result "1-0"]
[ECO "B23"]
[WhiteElo "2236"]
[BlackElo "2081"]
[Annotator "NA"]
[PlyCount "95"]
[EventDate "2018.07.06"]
[EventType "swiss"]
[EventCountry "GER"]
[SourceTitle "playchess.com"]
[Source "ChessBase"]
[SourceQuality "1"]
[TimeControl "40/5400+30:1800+30"]

1. e4 c5 2. Nc3 e6 3. Nge2 a6 4. g3 b5 5. d4 cxd4 6. Nxd4 Bb7 7. Bg2 Nf6 8. Qd3 d6 9. O-O Nbd7 10. a3 Be7 11. Qe2 Ne5 12. f4 Qb6 13. Be3 Neg4 14. Nf5 Nxe3 15. Qxe3 Qxe3+ 16. Nxe3 Bd8 17. Rfe1 Bb6 18. Kh1 Rc8 19. Rad1 Rxc3 20. bxc3 Nxe4 21. Ng4 d5 22. Bxe4 dxe4 23. Ne3 Ke7 24. c4 Rc8 25. Rb1 Ba7 26. cxb5 Bd4 27. bxa6 Bxa6 28. Kg2 f5 29. g4 g6 30. c4 h6 31. h4 Bc5 32. g5 h5 33. a4 Rd8 34. Rbd1 Ra8 35. Rb1 Ra7 36. Kf2 e5 37. Ke2 Ke6 38. Ng2 Bxc4+ 39. Kd2 Rxa4 40. Ra1 Ba2 41. Rec1 Bd6 42. fxe5 Bxe5 43. Rc6+ Kd5 44. Rac1 Rd4+ 45. Ke2 Bc4+ 46. R6xc4 Rd3 47. Rc6 Bd6 48. Ne3+ 1-0

[Event "Schachfestival Open-A 2018"]
[Site "Lueneburg"]
[Date "2018.07.11"]
[Round "7"]
[White "Bente, Bjoern"]
[Black "Bosselmann, Tom Linus"]
[Result "1-0"]
[ECO "B90"]
[WhiteElo "2219"]
[BlackElo "2036"]
[Annotator "NA"]
[PlyCount "49"]
[EventDate "2018.07.06"]
[EventType "swiss"]
[EventCountry "GER"]
[SourceTitle "playchess.com"]
[Source "ChessBase"]
[SourceQuality "1"]
[TimeControl "40/5400+30:1800+30"]

1. e4 c5 2. Nf3 a6 3. Nc3 d6 4. d4 cxd4 5. Nxd4 Nf6 6. f3 e5 7. Nb3 Be6 8. Be3 Be7 9. g4 Qc7 10. Qd2 O-O 11. O-O-O Nbd7 12. h4 b5 13. Qf2 b4 14. Nd5 Bxd5 15. exd5 Nc5 16. Kb1 Rfb8 17. h5 a5 18. g5 Ne8 19. g6 a4 20. Nxc5 dxc5 21. gxf7+ Kxf7 22. h6 c4 23. hxg7 Kxg7 24. Qg3+ Kh8 25. Rxh7+ 1-0

[Event "Schachfestival Open-A 2018"]
[Site "Lueneburg"]
[Date "2018.07.11"]
[Round "7"]
[White "Poeck, Ole"]
[Black "Bogachkova, Alena"]
[Result "0-1"]
[ECO "C15"]
[WhiteElo "2195"]
[BlackElo "2135"]
[Annotator "NA"]
[PlyCount "128"]
[EventDate "2018.07.06"]
[EventType "swiss"]
[EventCountry "GER"]
[SourceTitle "playchess.com"]
[Source "ChessBase"]
[SourceQuality "1"]
[TimeControl "40/5400+30:1800+30"]

1. e4 e6 2. d4 d5 3. Nc3 Bb4 4. exd5 exd5 5. Bd3 Ne7 6. Nge2 c6 7. Ng3 Ng6 8. O-O O-O 9. Qh5 Nd7 10. Bg5 Nf6 11. Qf3 Be7 12. Nf5 Bxf5 13. Qxf5 h6 14. Bd2 Bd6 15. Rae1 Bc7 16. g3 Qd6 17. Ne2 Nh4 18. Qf4 Qxf4 19. Bxf4 Nf3+ 20. Kh1 Nxe1 21. Rxe1 Bxf4 22. Nxf4 Rfe8 23. Rd1 Re7 24. Kg1 Rae8 25. Ng2 g6 26. f3 b6 27. Kf2 c5 28. c3 Kg7 29. Nf4 c4 30. Bf1 b5 31. a3 a5 32. Ra1 Rb7 33. Ng2 b4 34. axb4 axb4 35. Ne3 bxc3 36. bxc3 Rb3 37. Nd1 Nd7 38. Bg2 Kf8 39. f4 Nf6 40. h3 Kg7 41. Bf3 Re7 42. Bg2 h5 43. Bf3 Re8 44. Bg2 Rbb8 45. Rc1 Ra8 46. Rc2 Ra5 47. Ne3 Rea8 48. Re2 Ra2 49. Bxd5 Rxe2+ 50. Kxe2 Ra2+ 51. Kf3 Nxd5 52. Nxd5 Rd2 53. f5 g5 54. f6+ Kg6 55. g4 h4 56. Ke4 Rh2 57. Ke5 Rxh3 58. Ne7+ Kh7 59. d5 Rd3 60. d6 h3 61. Nd5 h2 62. d7 h1=Q 63. d8=Q Qe1+ 64. Kf5 Qe6+ 0-1

[Event "Schachfestival Open-A 2018"]
[Site "Lueneburg"]
[Date "2018.07.11"]
[Round "7"]
[White "Utiatskaja, Irina"]
[Black "Vorobiov, Evgeny E"]
[Result "0-1"]
[ECO "B51"]
[WhiteElo "2155"]
[BlackElo "2564"]
[Annotator "RC"]
[PlyCount "116"]
[EventDate "2018.07.06"]
[EventType "swiss"]
[EventCountry "GER"]
[SourceTitle "playchess.com"]
[Source "ChessBase"]
[SourceQuality "1"]
[TimeControl "40/5400+30:1800+30"]

1. e4 c5 2. Nf3 d6 3. Bb5+ Nd7 4. O-O a6 5. Bd3 Ngf6 6. c3 b5 7. Bc2 Bb7 8. Re1 Qc7 9. a4 b4 10. a5 e6 11. d3 bxc3 12. bxc3 Be7 13. Nbd2 O-O 14. Nc4 d5 15. exd5 Nxd5 16. Ra3 Bf6 17. Bd2 h6 18. Qe2 Nf4 19. Bxf4 Qxf4 20. Nce5 Rfd8 21. Ra4 Bxf3 22. Nxf3 Qd6 23. d4 cxd4 24. cxd4 Rab8 25. h3 g6 26. Ne5 Kg7 27. Rc4 Rbc8 28. Bb3 Bxe5 29. dxe5 Qa3 30. Rxc8 Rxc8 31. Qxa6 Rc5 32. Qd6 Nxe5 33. Qd4 Qxa5 34. Re3 Kg8 35. f4 Nc6 36. Qd7 Qa1+ 37. Kh2 Qd4 38. Qxd4 Nxd4 39. Bd1 g5 40. Re4 Rd5 41. fxg5 hxg5 42. Rg4 f6 43. h4 Kg7 44. hxg5 f5 45. Rh4 Kg6 46. Rh8 Kxg5 47. Rg8+ Kf6 48. Bf3 Ra5 49. Rb8 e5 50. Rb4 Kg5 51. Bb7 Ra1 52. Kg3 Ra2 53. Rc4 f4+ 54. Kh3 Ra7 55. Rb4 Ra1 56. Kh2 Nf5 57. Be4 Ng3 58. Bb1 Nf1+ 0-1

[Event "Schachfestival Open-A 2018"]
[Site "Lueneburg"]
[Date "2018.07.11"]
[Round "7"]
[White "Puschendorf, Steffen"]
[Black "Ploder, Udo"]
[Result "1/2-1/2"]
[ECO "A58"]
[WhiteElo "2153"]
[BlackElo "1874"]
[Annotator "NA"]
[PlyCount "57"]
[EventDate "2018.07.06"]
[EventType "swiss"]
[EventCountry "GER"]
[SourceTitle "playchess.com"]
[Source "ChessBase"]
[SourceQuality "1"]
[TimeControl "40/5400+30:1800+30"]

1. d4 Nf6 2. c4 c5 3. d5 b5 4. cxb5 a6 5. bxa6 g6 6. Nc3 Bg7 7. g3 O-O 8. Bg2 d6 9. Nh3 Nxa6 10. O-O Qb6 11. Nf4 Bd7 12. Rb1 Rfb8 13. Bd2 Nc7 14. a3 Ng4 15. Nd3 Nb5 16. Nxb5 Bxb5 17. Bf4 Qa6 18. Qc2 Ba4 19. b3 Bxb3 20. Rxb3 Rxb3 21. Qxb3 c4 22. Qb4 cxd3 23. exd3 Qxa3 24. Bxd6 exd6 25. Qxg4 Qxd3 26. Qd7 Be5 27. h4 Ra2 28. Qg4 h5 29. Qe4 1/2-1/2

[Event "Schachfestival Open-A 2018"]
[Site "Lueneburg"]
[Date "2018.07.11"]
[Round "7"]
[White "Wobbe, Sven"]
[Black "Colpe, Malte"]
[Result "0-1"]
[ECO "C95"]
[WhiteElo "2049"]
[BlackElo "2382"]
[Annotator "NA"]
[PlyCount "90"]
[EventDate "2018.07.06"]
[EventType "swiss"]
[EventCountry "GER"]
[SourceTitle "playchess.com"]
[Source "ChessBase"]
[SourceQuality "1"]
[TimeControl "40/5400+30:1800+30"]

1. e4 e5 2. Nf3 Nc6 3. Bb5 a6 4. Ba4 Nf6 5. O-O Be7 6. Re1 b5 7. Bb3 d6 8. c3 O-O 9. h3 Nb8 10. d4 Nbd7 11. Nbd2 Bb7 12. Bc2 Re8 13. Nf1 Bf8 14. Ng3 g6 15. Bg5 h6 16. Bd2 Bg7 17. b3 Nb6 18. dxe5 dxe5 19. Qe2 Qe7 20. a3 Nfd7 21. c4 bxc4 22. bxc4 a5 23. Be3 Ba6 24. Nd2 Nc5 25. Bxc5 Qxc5 26. Qe3 Qxe3 27. Rxe3 Red8 28. Ngf1 Bf8 29. Bd3 Rd7 30. Be2 a4 31. Rc3 Bc5 32. Ra2 Rad8 33. g3 f6 34. h4 h5 35. Kg2 Rd4 36. Nf3 Rxe4 37. Bd3 Rg4 38. N3h2 Rgd4 39. Bxg6 Bxc4 40. Rac2 Bd6 41. Bxh5 Bb3 42. Rd2 Nc4 43. Rxd4 exd4 44. Rd3 Bxa3 45. Nf3 c5 0-1

[Event "Schachfestival Open-A 2018"]
[Site "Lueneburg"]
[Date "2018.07.11"]
[Round "7"]
[White "Harringer, Manfred"]
[Black "Sriram, Jha"]
[Result "0-1"]
[ECO "B27"]
[WhiteElo "1998"]
[BlackElo "2409"]
[Annotator "NA"]
[PlyCount "52"]
[EventDate "2018.07.06"]
[EventType "swiss"]
[EventCountry "GER"]
[SourceTitle "playchess.com"]
[Source "ChessBase"]
[SourceQuality "1"]
[TimeControl "40/5400+30:1800+30"]

1. e4 c5 2. Nf3 g6 3. c3 Bg7 4. d3 d5 5. Nbd2 Nf6 6. g3 Nc6 7. Bg2 dxe4 8. dxe4 Qd3 9. Qe2 Qxe2+ 10. Kxe2 b6 11. h3 Ba6+ 12. Ke1 Rd8 13. Nh4 Ne5 14. Bf1 Nd3+ 15. Bxd3 Rxd3 16. Ng2 O-O 17. Nf4 Rdd8 18. f3 e5 19. Ng2 Nh5 20. g4 Ng3 21. Rh2 Ne2 22. Nb3 Nxc1 23. Rxc1 Bh6 24. Rd1 Rxd1+ 25. Kxd1 Rd8+ 26. Ke1 c4 0-1